 Dungeon Sprint DCSS version 0.28.0-43-g3370ac3207 (webtiles) character file.

Game seed: 17948614943493644961

10410 boopmooplesden the Fencer (level 11, -18/129 HPs)
             Began as a Minotaur Berserker on Mar 15, 2022.
             Was the Champion of Trog.
             Demolished by a lorocyproca (26 damage)
             ... in the Dungeon (Sprint I: "Red Sonja").
             The game lasted 00:06:42 (2531 turns).

boopmooplesden the Fencer (Minotaur Berserker)      Turns: 2531, Time: 00:06:43

Health: -18/129    AC: 10    Str: 18    XL:     11   Next: 35%
Magic:  0/6        EV: 15    Int:  6    God:    Trog [******]
Gold:   1613       SH:  0    Dex: 14    Spells: 10/10 levels left

rFire   . . .      SeeInvis .   m - +0 great sword (flame)
rCold   . . .      Faith    .   (shield currently unavailable)
rNeg    . . .      Spirit   .   h - +2 scale mail "Nopoyre" {Int+4 Dex+4}
rPois   .          Reflect  .   (helmet restricted)
rElec   .          Harm     .   q - scarf {repulsion}
rCorr   .          Rampage  .   (no gloves)
Will    .....      Rage     9%  (no boots)
Stlth   .......... NoTele   +   (no amulet)
HPRegen 0.00/turn               (no ring)
MPRegen 0.10/turn               (no ring)

@: berserking, inhibited regen, repel missiles, unable to read, very quick
A: horns 2, retaliatory headbutt, iridescent scales 1, berserk 3, clumsy 1,
deformed body, dopey 2, frail 3, low MP 3, screaming 1, inhibited regeneration,
weak 2, subdued magic 1, inability to read while threatened, MP-powered wands,
devolution 1
a: Renounce Religion, Berserk, Trog's Hand, Brothers in Arms


You were in the Dungeon.
You worshipped Trog.
Trog was exalted by your worship.
You visited 1 branch You collected 2068 gold pieces.
You spent 455 gold pieces at shops.

Inventory:

Hand Weapons
 a - a +0 falchion
 m - a +0 great sword of flaming (weapon)
Armour
 b - a +0 animal skin
 h - the +2 scale mail "Nopoyre" (worn) {Int+4 Dex+4}
   (You bought it in a shop in the Dungeon)

   Int:       It affects your intelligence (+4).
   Dex:       It affects your dexterity (+4).
 j - a +1 leather armour of fire resistance
 q - a scarf of repulsion (worn)
Wands
 i - a wand of iceblast (8)
 l - a wand of flame (26)
 n - a wand of paralysis (13)
Scrolls
 o - a scroll of acquirement {unknown}
Potions
 c - 3 potions of curing
 d - a potion of heal wounds
 e - 3 potions of haste
 f - 2 potions of magic
 g - a potion of berserk rage
 k - a potion of flight
Miscellaneous
 p - a lightning rod (4/4)


   Skills:
 + Level 19.2 Fighting
 + Level 20.8 Long Blades
 + Level 13.2 Armour
 + Level 11.5 Dodging
 + Level 3.3 Stealth


You had 10 spell levels left.
You didn't know any spells.
Your spell library was empty.

Dungeon Overview and Level Annotations

Branches:
Dungeon (1/1)

Altars:
Cheibriados
Dithmenos
Elyvilon
Fedhas
Gozag
Hepliaklqana
Kikubaaqudgha
Makhleb
Nemelex Xobeh
Okawaru
Qazlal
Ru
Sif Muna
Trog
Uskayaw
Vehumet
Wu Jian
Xom
Yredelemnul
Zin
The Shining One
Jiyva
Lugonu

Shops:
D *?[[(*(![[?[*(!*:(*[?


Innate Abilities, Weirdness & Mutations

You have a pair of horns on your head.
You reflexively headbutt those who attack you in melee.
You are partially covered in iridescent scales. (AC +2)
You have an uncontrollable temper.
You are clumsy. (Dex -2)
Armour fits poorly on your strangely shaped body.
You are very dopey. (Int -4)
You are extremely frail. (-30% HP)
Your magical capacity is extremely low. (-30% MP)
You occasionally shout uncontrollably at your foes.
You do not regenerate when monsters are visible.
You are very weak. (Str -4)
Your spells are a little easier to cast, but a little less powerful.
You sometimes lose the ability to read scrolls when taking damage.
You expend magic power (3 MP) to strengthen your wands.
You have hidden genetic defects.


Message History

You bump into the stone wall.
You are engulfed in noxious fumes.
You bump into the stone wall.
You are engulfed in noxious fumes.
You choke on the stench!
You are more confused.
You are engulfed in noxious fumes.
You are engulfed in noxious fumes.
You feel less confused.
You are engulfed in noxious fumes.
You choke on the stench!
You are confused.
You're too confused to move!
You are engulfed in noxious fumes.
You are engulfed in noxious fumes.
You choke on the stench!
You are more confused.
You feel less confused. As you open the door, it creaks loudly!
A meliai comes into view. It is wielding a +0 hand axe.
The meliai buzzes angrily.
Found 162 gold pieces.
You hear a chilling moan.
There is an open door here.
The meliai invokes the aid of its god against you.
Something smites you!
You open the door. Something hits you!
You feel your power leaking away.
Deactivating autopickup; reactivate with Ctrl-A.
Found 9 gold pieces.
The meliai mumbles some strange prayers to its god against you.
Something smites you!
You feel threatened and lose the ability to read scrolls!
Something hits you!!
There is an open door, spattered with blood here.
You see here 9 gold pieces.
A red film seems to cover your vision as you go berserk!
You feel yourself moving faster!
You feel mighty! Something hits you!!
* * * LOW HITPOINT WARNING * * *
You closely miss something. You barely miss something. Something hits you!
* * * LOW HITPOINT WARNING * * *
You slice something!! You burn something. You miss something.
Your headbutt misses something. Something hits you!!
You die...

##############
#__#..')..#).#
'..'..#)..##'# ###
#__####...'.)# #@###
####§.#####..+ #'#$###
#≈≈≈§.#..##○####..$#y#
§≈≈§§.'..#.....#..$###
#≈≈§..#..#.....'..$$$#
##'#####'###○.°#.....#
#(.(.###.§§#..°###++##
##'###(###.#..##
.....')∩##.#..#


There were no monsters in sight!

Vanquished Creatures
  2 centaur warriors (D)
  Sonja (D)
  A deep troll (D)
  An oklob plant (D)
  8 shining eyes (D)
  A gargoyle (D)
  2 kobold demonologists (D)
  4 demonic crawlers (D)
  2 unseen horrors (D)
  A hornet (D)
  A slime creature (D)
  A yak (D)
  Sigmund (D)
  2 redbacks (D)
  6 floating eyes (D)
  7 necrophages (D)
  An ogre (D)
  8 jellies (D)
  Ijyb (D)
51 creatures vanquished.

Vanquished Creatures (others)
  2 ballistomycete spores (D)
2 creatures vanquished.

Grand Total: 53 creatures vanquished

Notes
Turn   | Place    | Note
-------+----------+-------------------------------------------
     0 | D        | boopmooplesden the Minotaur Berserker began the quest for
                  | the Orb.
     0 | D        | Reached XP level 1. HP: 19/19 MP: 0/0
     1 | D        | Noticed Ijyb
    15 | D        | Killed Ijyb
    16 | D        | Reached skill level 5 in Fighting
    16 | D        | Reached skill level 5 in Long Blades
    16 | D        | Reached XP level 2. HP: 27/30 MP: 1/1
   126 | D        | Noticed an ogre
   128 | D        | Killed an ogre
   129 | D        | Reached skill level 8 in Long Blades
   129 | D        | Reached XP level 3. HP: 40/40 MP: 2/2
   129 | D        | Reached XP level 4. HP: 48/48 MP: 3/3
   265 | D        | Noticed Sigmund
   282 | D        | Killed Sigmund
   282 | D        | Reached ** piety under Trog
   283 | D        | Reached skill level 10 in Long Blades
   283 | D        | Reached skill level 5 in Armour
   283 | D        | Reached XP level 5. HP: 43/58 MP: 4/4
   297 | D        | Found a burning altar of Makhleb.
   297 | D        | Found a viscous altar of Jiyva.
   297 | D        | Found a shimmering altar of Xom.
   297 | D        | Found a corrupted altar of Lugonu.
   297 | D        | Noticed a slime creature
   567 | D        | Killed a slime creature
   568 | D        | Reached skill level 11 in Long Blades
   568 | D        | Reached skill level 5 in Dodging
   568 | D        | Reached XP level 6. HP: 68/68 MP: 5/5
   609 | D        | Found an ornate altar of the Wu Jian Council.
   609 | D        | Found a shimmering blue altar of Sif Muna.
   611 | D        | Found a radiant altar of Vehumet.
   639 | D        | Found Ypec's Antique Armour Emporium.
   639 | D        | Found an ancient bone altar of Kikubaaqudgha.
   639 | D        | Found a hazy altar of Hepliaklqana.
   639 | D        | Found a hide-covered altar of Uskayaw.
   639 | D        | Found a basalt altar of Yredelemnul.
   639 | D        | Found an opulent altar of Gozag.
   639 | D        | Found a snail-covered altar of Cheibriados.
   639 | D        | Found a sacrificial altar of Ru.
   639 | D        | Found a shadowy altar of Dithmenos.
   639 | D        | Noticed a yak
   646 | D        | Killed a yak
   647 | D        | Reached skill level 12 in Long Blades
   647 | D        | Reached XP level 7. HP: 61/75 MP: 6/6
   647 | D        | Found a stormy altar of Qazlal.
   647 | D        | Found a blossoming altar of Fedhas.
   647 | D        | Found a bloodstained altar of Trog.
   647 | D        | Found an iron altar of Okawaru.
   647 | D        | Found a glowing golden altar of the Shining One.
   647 | D        | Found a glowing silver altar of Zin.
   647 | D        | Found a white marble altar of Elyvilon.
   648 | D        | Found a sparkling altar of Nemelex Xobeh.
   652 | D        | Bought a distressingly furry scale mail for 207 gold pieces
   652 | D        | Identified the +2 scale mail "Nopoyre" {Int+4 Dex+4} (You
                  | bought it in a shop in the Dungeon)
   814 | D        | Noticed a kobold demonologist
   814 | D        | Noticed a kobold demonologist
   815 | D        | Paralysed by a floating eye for 3 turns
   819 | D        | Reached *** piety under Trog
   823 | D        | Killed a kobold demonologist
   824 | D        | Reached skill level 13 in Long Blades
   827 | D        | Killed a kobold demonologist
   828 | D        | Reached skill level 14 in Long Blades
   828 | D        | Reached skill level 1 in Stealth
   828 | D        | Reached XP level 8. HP: 86/86 MP: 7/7
   863 | D        | Noticed a centaur warrior
   863 | D        | Noticed a centaur warrior
   876 | D        | Killed a centaur warrior
   876 | D        | Reached **** piety under Trog
   877 | D        | Reached skill level 15 in Long Blades
   882 | D        | Killed a centaur warrior
   883 | D        | Reached skill level 15 in Fighting
   883 | D        | Reached skill level 16 in Long Blades
   883 | D        | Reached XP level 9. HP: 97/97 MP: 8/8
  1024 | D        | Noticed an oklob plant
  1030 | D        | Killed an oklob plant
  1190 | D        | Reached ***** piety under Trog
  1191 | D        | Reached skill level 17 in Long Blades
  1384 | D        | Noticed a deep troll
  1389 | D        | Killed a deep troll
  1390 | D        | Reached skill level 10 in Armour
  1395 | D        | Found Haurgh's Armour Emporium.
  1436 | D        | Noticed Sonja
  1443 | D        | Killed Sonja
  1444 | D        | Reached XP level 10. HP: 108/108 MP: 9/9
  1720 | D        | Found Qiwoxas's General Store.
  1729 | D        | Noticed a shining eye
  1729 | D        | Noticed a shining eye
  1729 | D        | Noticed a shining eye
  1730 | D        | Paralysed by a floating eye for 4 turns
  1735 | D        | Received a gift from Trog
  1736 | D        | Reached skill level 18 in Long Blades
  1736 | D        | Noticed a shining eye
  1736 | D        | Noticed a shining eye
  1736 | D        | Noticed a shining eye
  1737 | D        | Gained mutation: You have hidden genetic defects. [a
                  | shining eye]
  1738 | D        | Killed a shining eye
  1739 | D        | Reached skill level 10 in Dodging
  1739 | D        | Gained mutation: You occasionally shout uncontrollably at
                  | your foes. [a shining eye]
  1742 | D        | Killed a shining eye
  1744 | D        | Paralysed by a floating eye for 3 turns
  1746 | D        | Gained mutation: You are dopey. (Int -2) [a shining eye]
  1746 | D        | Gained mutation: You are clumsy. (Dex -2) [a shining eye]
  1747 | D        | Gained mutation: You expend magic power (3 MP) to
                  | strengthen your wands. [a shining eye]
  1750 | D        | Gained mutation: You sometimes lose the ability to read
                  | scrolls when taking damage. [a shining eye]
  1750 | D        | Gained mutation: You are very clumsy. (Dex -4) [a shining
                  | eye]
  1752 | D        | Gained mutation: Your magical capacity is low. (-10% MP) [a
                  | shining eye]
  1753 | D        | Gained mutation: Potions are less effective at restoring
                  | your health. [a shining eye]
  1754 | D        | Gained mutation: You have terrible hidden genetic defects.
                  | [a shining eye]
  1756 | D        | Killed a shining eye
  1757 | D        | Noticed a shining eye
  1757 | D        | Noticed a shining eye
  1757 | D        | Gained mutation: Armour fits poorly on your strangely
                  | shaped body. [a shining eye]
  1758 | D        | Gained mutation: You are partially covered in iridescent
                  | scales. (AC +2) [a shining eye]
  1761 | D        | Gained mutation: You do not regenerate when monsters are
                  | visible. [a shining eye]
  1764 | D        | Gained mutation: You are weak. (Str -2) [a shining eye]
  1766 | D        | Killed a shining eye
  1766 | D        | Lost mutation: You sometimes lose the ability to read
                  | scrolls when taking damage. [a shining eye]
  1767 | D        | Gained mutation: You sometimes lose the ability to read
                  | scrolls when taking damage. [a shining eye]
  1768 | D        | Gained mutation: You tend to lose your temper in combat. [a
                  | shining eye]
  1770 | D        | Gained mutation: You are very weak. (Str -4) [a shining
                  | eye]
  1772 | D        | Gained mutation: Your magical capacity is very low. (-20%
                  | MP) [a shining eye]
  1774 | D        | Killed a shining eye
  1775 | D        | Reached skill level 19 in Long Blades
  1776 | D        | Gained mutation: Your magical capacity is extremely low.
                  | (-30% MP) [a shining eye]
  1779 | D        | Gained mutation: You often lose your temper in combat. [a
                  | shining eye]
  1779 | D        | Gained mutation: You are frail. (-10% HP) [hidden defects]
  1782 | D        | Killed a shining eye
  1783 | D        | Gained mutation: You are very frail. (-20% HP) [a shining
                  | eye]
  1783 | D        | Gained mutation: Your spells are a little easier to cast,
                  | but a little less powerful. [a shining eye]
  1784 | D        | Gained mutation: You have an uncontrollable temper. [a
                  | shining eye]
  1789 | D        | Killed a shining eye
  1789 | D        | Reached ****** piety under Trog
  1794 | D        | Killed a shining eye
  1794 | D        | Received a gift from Trog
  1795 | D        | Reached XP level 11. HP: 95/95 MP: 6/6
  1800 | D        | Bought a potion of mutation for 104 gold pieces
  1800 | D        | Lost mutation: You are very clumsy. (Dex -4) [potion of
                  | mutation]
  1800 | D        | Lost mutation: Potions are less effective at restoring your
                  | health. [potion of mutation]
  1811 | D        | Found Dujuden's Weapon Shop.
  1811 | D        | Found Xabor's Magic Scroll Shoppe.
  1811 | D        | Found Nipn's General Store.
  1811 | D        | Found Ecaxoch's Armour Emporium.
  1821 | D        | Gained mutation: You are extremely frail. (-30% HP) [hidden
                  | defects]
  1821 | D        | Lost mutation: You have terrible hidden genetic defects.
                  | [hidden defects expressed]
  1899 | D        | Reached skill level 20 in Long Blades
  1906 | D        | Received a gift from Trog
  2109 | D        | Received a gift from Trog
  2131 | D        | Found Goyzim's Distillery.
  2131 | D        | Found Weng's Weapon Shop.
  2131 | D        | Found Fapnef's Armour Boutique.
  2133 | D        | Found Vixuhui's Armour Emporium.
  2133 | D        | Found Xafesyf's Magic Scroll Shop.
  2133 | D        | Found Soiw's Armour Shoppe.
  2133 | D        | Found Wenueri's General Store.
  2133 | D        | Found Umutwem's Weapon Emporium.
  2133 | D        | Found Onlomub's Distillery.
  2133 | D        | Found Bil Ozak's General Store.
  2137 | D        | Found Qoili's Book Boutique.
  2138 | D        | Bought a scarf of repulsion for 144 gold pieces
  2143 | D        | Found Delomaew's Assorted Antiques.
  2143 | D        | Found Biomeox's Weapon Boutique.
  2144 | D        | Found Unerioqe's Magic Scroll Emporium.
  2213 | D        | Gained mutation: You are very dopey. (Int -4) [hidden
                  | defects]
  2531 | D        | Demolished by a lorocyproca

Illustrated notes

Levels and vault maps discovered:
D:        dungeon_sprint_1 [red_sonja_temple_1, red_sonja_temple_small_1]

Skill      XL: |  1  2  3  4  5  6  7  8  9 10 11 |
---------------+----------------------------------+-----
Fighting       | 5 7 9 11 13 15 16 18 19 | 19.2
Long Blades    | 5 8 10 11 12 14 16 17 19 20 | 20.8
Armour         | 3 4 5 6 7 9 10 12 13 | 13.2
Dodging        | 3 4 5 6 7 8 9 11 | 11.5
Stealth        | 1 2 3 |  3.3

Action                   |  1- 3 |  4- 6 |  7- 9 | 10-12 || total
-------------------------+-------+-------+-------+-------++-------
Melee: Falchion          |    14 |    35 |    43 |    41 ||   133
       Headbutt          |     1 |     7 |    12 |    27 ||    47
       Punch             |       |     1 |     3 |     3 ||     7
       Great sword       |       |       |       |    59 ||    59
Invok: Berserk           |     2 |     3 |     6 |     4 ||    15
  Use: Scroll            |       |     1 |       |     2 ||     3
       Potion            |       |       |       |     1 ||     1
Armor: Leather armour    |       |     2 |       |       ||     2
       Scale mail        |       |       |    21 |    28 ||    49
Dodge: Dodged            |     7 |    12 |    22 |    39 ||    80
